 Dungeon Crawl Stone Soup version 0.30.1-6-gbe392663c4 (webtiles) character file.

Game seed: 10485058821266354330

1 safid the Chiller (level 1, 0/13 HPs)
             Began as a Merfolk Ice Elementalist on Sept 20, 2023.
             Slain by an endoplasm (2 damage)
             ... on level 1 of the Dungeon.
             The game lasted 00:00:13 (60 turns).

safid the Chiller (Merfolk Ice Elementalist)          Turns: 60, Time: 00:00:14

Health: 0/13       AC:  2    Str: 14    XL:     1   Next: 20%
Magic:  2/3        EV: 12    Int: 14    God:
Gold:   0          SH:  0    Dex: 14    Spells: 3/4 levels left

rFire   . . .        c - +0 hand axe
rCold   . . .        (no shield)
rNeg    . . .        a - +0 robe
rPois   .            (no helmet)
rElec   .            (no cloak)
rCorr   .            (no gloves)
SInv    .            (no boots)
Will    .....        (no amulet)
Stlth   ++           e - +6 ring of strength
HPRegen 0.22/turn    (no ring)
MPRegen 0.08/turn

%: no passive effects
@: no status effects
A: (nimble swimmer 2), mertail
a: no special abilities


You were on level 1 of the Dungeon.
You visited 1 branch of the dungeon, and saw 1 of its levels.

Inventory:

Hand Weapons
 c - a +0 hand axe (weapon)
Armour
 a - a +0 robe (worn)
Jewellery
 e - a +6 ring of strength (left hand)
Scrolls
 d - a scroll of noise {unknown}
Potions
 b - a potion of magic


   Skills:
 + Level 0.1 Fighting
 - Level 2.6 Dodging
 - Level 2.1 Stealth
 + Level 2.0 Spellcasting
 + Level 4.4 Ice Magic


You had 3 spell levels left.
You knew the following spells:

 Your Spells              Type           Power      Damage    Failure   Level
a - Freeze                Ice            52%        1d6       4%          1

Your spell library contained the following spells:

 Spells                   Type           Power      Damage    Failure   Level
 Frozen Ramparts          Ice            26%        1d4       12%         3
 Ozocubu's Armour         Ice            13%        N/A       12%         3
 Summon Ice Beast         Ice/Summ       7%         N/A       67%         4


Dungeon Overview and Level Annotations

Branches:
Dungeon (1/15)

Altars:


Innate Abilities, Weirdness & Mutations

((You are very nimble when in or above water. (Stealth+, EV+, Speed+++)))
Your lower body shifts to a powerful aquatic tail in water.


Message History

No target in view!
You see here a +0 short sword.
d - a scroll labelled BYZICE KEILEDA
e - a +6 ring of strength You feel stronger.
e - a +6 ring of strength (left hand)
A kobold comes into view. It is wielding a +0 whip.
The kobold shouts!
The kobold completely misses you.
An endoplasm comes into view.
You hit the kobold but do no damage. The kobold hits you with a +0 whip.
You hit the kobold but do no damage. The kobold misses you.
You miss the kobold. Your punch misses the kobold.
The kobold hits you with a +0 whip. x2
You are too injured to fight recklessly!
You are too injured to fight recklessly!
You are too injured to fight recklessly!
You are too injured to fight recklessly!
You are too injured to fight recklessly!
You are too injured to fight recklessly!
You are too injured to fight recklessly!
You are too injured to fight recklessly!
You are too injured to fight recklessly!
You are too injured to fight recklessly!
You are too injured to fight recklessly!
You are too injured to fight recklessly!
You are too injured to fight recklessly!
You are too injured to fight recklessly!
You are too injured to fight recklessly!
Casting: Freeze (safe; 4% risk of failure)
Confirm with . or Enter, or press ? or * to list all spells.
Aiming: Freeze (safe; 4% risk of failure)
Press: ? - help, Shift-Dir - straight line, f - endoplasm
Aim: an endoplasm You freeze the endoplasm.
The endoplasm is severely wounded.
The kobold hits you with a +0 whip.
* * * LOW HITPOINT WARNING * * *
The endoplasm hits you.
You die...

. ### ###. ...
...# ..###..#
#....!#
#.....## #
...#..K...# ..
......J@#.###.#
..............#
#########..####
##....##
####..###
##...#
##########.##
#...........#
#...........##


You could see an endoplasm and a kobold.

Vanquished Creatures
  A hobgoblin (D:1)
1 creature vanquished.

Notes
Turn   | Place    | Note
-------+----------+-------------------------------------------
     0 | D:1      | safid the Merfolk Ice Elementalist began the quest for the
                  | Orb.
     0 | D:1      | Reached XP level 1. HP: 13/13 MP: 3/3
    60 | D:1      | Slain by an endoplasm

Illustrated notes

Levels and vault maps discovered:
D:1:      wander_arrival_lonely_grave, layout_basic,
          shapermc_ecumenical_altar_flowoftime, serial_glass, glass_columns_a,
          glass_columns_c, minmay_pentomino_v2

Action                     || total
---------------------------++-------
  Melee: Hand axe          ||     7
   Cast: Freeze            ||     1
  Dodge: Dodged            ||     7
